 Dungeon Crawl Stone Soup version 0.31-a0-620-gd1cbd99268 (webtiles) character file.

Game seed: 10990021456924169635

1861 KarmaKiller the Covered (level 9, 0/78 HPs)
             Began as a Naga Shapeshifter on Aug 23, 2023.
             Was a Priest of Okawaru.
             Slain by a hound (2 damage)
             ... on level 6 of the Dungeon.
             The game lasted 00:40:04 (7262 turns).

KarmaKiller the Covered (Naga Shapeshifter)         Turns: 7262, Time: 00:40:04

Health: 0/78       AC: 20    Str: 21    XL:     9   Next: 13%
Magic:  8/9        EV:  5    Int: 10    God:    Okawaru [***...]
Gold:   426        SH:  0    Dex: 17    Spells: 8/8 levels left

rFire   . . .        z - +2 flail (protect)
rCold   . . .        (no shield)
rNeg    . . .        q - +3 plate armour
rPois   +            (helmet currently unavailable)
rElec   .            f - melded +0 cloak
rCorr   .            e - melded +0 pair of gloves
SInv    +            (no barding)
Will    ++...        (no amulet) Stlth
                     r - ring of willpower
HPRegen 0.33/turn    s - +6 ring of dexterity
MPRegen 0.11/turn

%: no passive effects
@: beast-form, under a protective aura, very slow
A: beast (slay +2), AC +3, large, see invisible, deformed body, poison
resistance, slowness 2, spit poison 1, naga tail 1
a: Spit Poison, Begin Untransformation, Renounce Religion, Heroism


You were on level 6 of the Dungeon.
You worshipped Okawaru.
Okawaru was most pleased with you.
You were a hulking beast.
You visited 1 branch of the dungeon, and saw 6 of its levels.

You collected 426 gold pieces.

Inventory:

Hand Weapons
 h - a +0 dagger
 i - a +0 spear
 k - a +0 long sword
 n - a +0 halberd
 p - a +0 short sword
 t - a +0 whip of freezing
 z - a +2 flail of protection (weapon)
Armour
 a - a +0 animal skin
 e - a +0 pair of gloves (melded)
 f - a +0 cloak (melded)
 m - a +0 leather armour
 q - a +3 plate armour (worn)
 w - +0 steam dragon scales
Jewellery
 r - a ring of willpower (left hand)
 s - a +6 ring of dexterity (right hand)
Talismans
 c - a beast talisman (active)
 d - a flux talisman
Wands
 g - a wand of paralysis (7)
 o - a wand of roots (6)
Scrolls
 l - 4 scrolls of teleportation
 v - a scroll of fog
 A - a scroll of fear
 C - a scroll of noise
Potions
 b - 3 potions of lignification
 j - 3 potions of attraction
 u - a potion of brilliance
 x - a potion of enlightenment


   Skills:
 + Level 3.7 Fighting
 + Level 1.7 Maces & Flails
 + Level 5.3 Polearms
 + Level 6.3 Armour
 + Level 1.9 Dodging
 + Level 1.5 Stealth
 + Level 3.2 Unarmed Combat
 + Level 0.7 Invocations
 + Level 4.9 Shapeshifting


You had 8 spell levels left.
You didn't know any spells.
Your spell library contained the following spells:

 Spells                   Type           Power      Damage    Failure   Level
 Necrotise                Necr           0%         1d4       100%        1
 Sandblast                Erth           0%         2d4       100%        1
 Passwall                 Tmut/Erth      0%         N/A       100%        2
 Dazzling Flash           Conj/Hex       0%         N/A       100%        3
 Stone Arrow              Conj/Erth      0%         3d7       100%        3
 Vampiric Draining        Necr           0%         2d6       100%        3
 Volatile Blastmotes      Fire/Tloc      0%         2d10      100%        3
 Agony                    Necr           0%         N/A       100%        5
 Starburst                Conj/Fire      0%         6d3       100%        6
 Maxwell's Capacitive Co  Air            0%         ∞         100%        8


Dungeon Overview and Level Annotations

Branches:
Dungeon (6/15)             Temple (0/1) D:4

Altars:
Dithmenos
Makhleb
Nemelex Xobeh
Okawaru
Sif Muna
Trog
The Shining One

Shops:
D:1 [


Innate Abilities, Weirdness & Mutations

You are a hulking beast.
Your limbs bulge with bestial killing power. (Slay +2)
Your serpentine skin is tough. (AC +3)
You have supernaturally acute eyesight. (SInv)
Armour fits poorly on your strangely shaped body.
Your system is resistant to poisons. (rPois)
You cover ground very slowly.
You can spit poison.
You have a snake-like lower body.


Message History

The orc priest hits you but does no damage.
You barely miss the orc priest.
The orc priest is severely wounded.
The hound bites you but does no damage. The orc barely misses you.
The orc priest hits you but does no damage.
The orc warrior hits you with a +0 war axe!
The hound bites you.
You thump the orc priest!
You kill the orc priest!
Okawaru accepts your kill. The hound bites you but does no damage.
The orc warrior hits you with a +0 war axe.
The orc hits you with a +0 hand axe.
* * * LOW HITPOINT WARNING * * *
The hound bites you but does no damage.
You hit the orc warrior.
The orc warrior is almost dead.
You feel like a meek peon again.
The orc warrior hits you but does no damage.
The orc hits you but does no damage. The hound bites you but does no damage.
You hit the orc warrior but do no damage.
The orc warrior is almost dead.
The hound bites you but does no damage.
The orc warrior hits you with a +0 war axe.
* * * LOW HITPOINT WARNING * * *
The orc barely misses you. The hound bites you.
* * * LOW HITPOINT WARNING * * *
The orc barely misses you.
The orc warrior hits you with a +0 war axe!
* * * LOW HITPOINT WARNING * * *
You hit the orc warrior.
The orc warrior is almost dead.
The hound bites you but does no damage. x2
The orc warrior hits you but does no damage.
The orc hits you but does no damage.
You barely miss the orc warrior.
The orc warrior is almost dead.
The hound barely misses you. The orc warrior barely misses you.
The orc hits you but does no damage. The hound bites you.
You die...

......#######..##.#........###
......#.....#.#####.........#
....#.#.._..#..####.........#
...##.##...##..##.........###
#.####.........#.........##
..# ##........##........# #.#
#........#.$.......# ..#
...........#............
###............hh.#......(..#
...##........)oo##..(.?.?##
..# ##...........###......# ..
##............ .#.....
....>..........#.#
..................
...........##.. ............
..


You could see an orc warrior, a hound and an orc.

Vanquished Creatures
  Pikel (D:5)
  A steam dragon (D:6)
  Edmund (D:5)
  2 water moccasins (D:5)
  3 black bears
  An ice beast (D:5)
  A scorpion (D:4)
  A bullfrog (D:5)
  An orc priest (D:6)
  A jelly (D:6)
  5 iguanas
  2 orc wizards (D:6)
  6 adders
  8 gnolls
  A white imp (D:5)
  An ufetubus (D:5)
  A worm (D:4)
  3 dart slugs
  8 orcs
  2 bats (D:2)
  6 endoplasms
  8 goblins
  6 hobgoblins
  5 kobolds
  4 quokkas
  5 ball pythons
  2 frilled lizards
  8 rats
94 creatures vanquished.

Notes
Turn   | Place    | Note
-------+----------+-------------------------------------------
     0 | D:1      | KarmaKiller the Naga Shapeshifter began the quest for the
                  | Orb.
     0 | D:1      | Reached XP level 1. HP: 18/18 MP: 1/1
   129 | D:1      | Reached XP level 2. HP: 23/25 MP: 2/2
   668 | D:1      | Reached XP level 3. HP: 31/31 MP: 3/3
   975 | D:1      | Found Boaczue's Armour Shop.
  1569 | D:2      | Reached skill level 1 in Stealth
  2698 | D:3      | Reached skill level 1 in Polearms
  2700 | D:3      | Reached XP level 4. HP: 25/38 MP: 4/4
  2917 | D:3      | Found a shimmering blue altar of Sif Muna.
  3089 | D:3      | Found a burning altar of Makhleb.
  3123 | D:3      | Reached skill level 1 in Armour
  3470 | D:3      | Found an iron altar of Okawaru.
  3477 | D:3      | Became a worshipper of Warmaster Okawaru
  4008 | D:4      | Noticed a scorpion
  4040 | D:4      | Killed a scorpion
  4041 | D:4      | Reached skill level 2 in Armour
  4041 | D:4      | Reached XP level 5. HP: 29/44 MP: 5/5
  4041 | D:4      | Found a staircase to the Ecumenical Temple.
  4155 | D:4      | Found a sparkling altar of Nemelex Xobeh.
  4220 | D:4      | Noticed a black bear
  4231 | D:4      | Killed a black bear
  4231 | D:4      | Reached * piety under Okawaru
  4232 | D:4      | Reached XP level 6. HP: 23/51 MP: 6/6
  4530 | D:4      | Found a glowing golden altar of the Shining One.
  5338 | D:5      | Entered Level 5 of the Dungeon
  5353 | D:5      | Noticed a water moccasin
  5361 | D:5      | Killed a water moccasin
  5362 | D:5      | Reached skill level 3 in Armour
  5362 | D:5      | Reached XP level 7. HP: 54/60 MP: 7/7
  5392 | D:5      | Noticed Pikel
  5408 | D:5      | Killed Pikel
  5408 | D:5      | Reached ** piety under Okawaru
  5409 | D:5      | Reached skill level 4 in Armour
  5409 | D:5      | Reached XP level 8. HP: 11/68 MP: 8/8
  5617 | D:5      | Reached skill level 5 in Armour
  5903 | D:5      | Reached *** piety under Okawaru
  6028 | D:5      | Found a shadowy altar of Dithmenos.
  6093 | D:5      | Noticed Edmund
  6101 | D:5      | Killed Edmund
  6162 | D:5      | Reached skill level 5 in Polearms
  7017 | D:6      | Found a bloodstained altar of Trog.
  7035 | D:6      | Reached skill level 6 in Armour
  7078 | D:6      | Reached skill level 1 in Maces & Flails
  7086 | D:6      | Reached XP level 9. HP: 56/76 MP: 9/9
  7260 | D:6      | HP: 2/78 [orc warrior/+0 war axe (13)]
  7262 | D:6      | Slain by a hound

Illustrated notes

Levels and vault maps discovered:
D:1:      minmay_arrival_stone_box, layout_loops_corners, serial_shops, shop,
          minmay_unequal
D:2:      layout_loops_ring, nicolae_figureground_sparkle
D:3:      layout_basic, overflow_temple_1_default,
          mainiacjoe_overflow_concentric_impassable,
          mainiacjoe_overflow_six_doors_small, nrook_mini_vaults
D:4:      layout_loops_cross, nemelex_xobeh_ov_fountains_minmay,
          mainiacjoe_overflow_alcove_4, minmay_temple_entry_statues_pillars
D:5:      layout_cave_pods, amcnicky_altar_gilded, uniq_edmund, uniq_pikel
D:6:      layout_cave_pools, mainiacjoe_overflow_alcove_1,
          cheibrodos_ashenzari_chains

Skill      XL: |  1  2  3  4  5  6  7  8 |
---------------+-------------------------+-----
Stealth        | 1 |  1.5
Polearms       | 1 2 3 4 5 |  5.3
Armour         | 2 3 4 6 |  6.3
Shapeshifting  | 4 |  4.9
Fighting       | 2 3 |  3.7
Maces & Flails | 1 |  1.7
Dodging        | |  1.9
Unarmed Combat | |  3.2
Invocations    | |  0.7

Action                     |  1- 3 |  4- 6 |  7- 9 || total
---------------------------+-------+-------+-------++-------
  Melee: Unarmed           |    18 |       |       ||    18
         Spear             |    57 |   120 |       ||   177
         Punch             |       |     4 |     1 ||     5
         Halberd           |       |     8 |    45 ||    53
         Flail             |       |       |    57 ||    57
 Invoke: Heroism           |       |     1 |     3 ||     4
Ability: Spit Poison       |    10 |    23 |    11 ||    44
    Use: Scroll            |     7 |     3 |     4 ||    14
         Potion            |     4 |     3 |     2 ||     9
 Armour: Animal skin       |     2 |       |       ||     2
         Plate armour      |    28 |    95 |   127 ||   250
         Leather armour    |     1 |       |       ||     1
  Dodge: Dodged            |    16 |    23 |    40 ||    79
         Form:             |     5 |       |       ||     5
         Beast             |     5 |       |       ||     5

Table legend: (Time is in decaauts)
 A = Elapsed time spent in this place.
 B = Non-inter-level travel time spent in this place.
 C = Inter-level travel time spent in this place.
 D = Time resting spent in this place.
 E = Time spent auto-exploring this place.
 F = Levels seen in this place.
 G = Mean time per level.
                   A        B        C        D        E       F      G
               +--------+--------+--------+--------+--------+-----+--------+
         Total |   9351 |   8666 |    685 |   1561 |      0 |   6 | 1558.5 |
       Dungeon |   9351 |   8666 |    685 |   1561 |      0 |   6 | 1558.5 |
               +--------+--------+--------+--------+--------+-----+--------+

Top non-repeatable levels by time:
     D:5: 2049 daAuts
     D:1: 1989 daAuts
     D:4: 1742 daAuts
     D:3: 1737 daAuts
     D:2: 1500 daAuts
     D:6: 333 daAuts
